 Dungeon Crawl Stone Soup version 0.17-a0-18-gc25b939 (webtiles) character file.

123617 Kaesh the Blocker (level 17, -38/138 HPs)
             Began as a Formicid Fighter on Mar 8, 2015.
             Was the Champion of Cheibriados.
             Killed from afar by an octopode crusher (54 damage)
             ... with an iron shot
             ... on level 1 of the Depths on Mar 9, 2015.
             The game lasted 03:20:15 (34040 turns).

Kaesh the Blocker (Formicid Fighter)               Turns: 34040, Time: 03:20:15

Health: -38/138    AC: 27    Str: 40    XL:     17   Next: 45%
Magic:  31/31      EV: 25    Int: 24    God:    Cheibriados [******]
Gold:   2507       SH: 18    Dex: 30    Spells: 0 memorised, 16 levels left

rFire  . . .     SeeInvis +     j - +6 battleaxe (freeze)
rCold  + . .     Clarity  .     B - +3 plate armour
rNeg   . . .     SustAb   .     c - +1 shield
rPois  .         Gourm    .     (helmet unavailable)
rElec  .         Spirit   .     v - +2 cloak
rCorr  +         Warding  .     C - +1 pair of gloves {Str+3}
rMut   .         Stasis   +     g - +0 pair of boots
MR     +....                    x - amulet of resist corrosion
Stlth  ..........               t - +4 ring of evasion
                                w - ring of protection from cold

@: very slow, somewhat resistant to hostile enchantments, extremely unstealthy
A: permanent stasis, dig shafts and tunnels, four strong arms, antennae 3
a: Dig, Shaft Self, Bend Time, Temporal Distortion, Slouch, Step From Time,
Renounce Religion


You were on level 1 of the Depths.
You worshipped Cheibriados.
Cheibriados was exalted by your worship.
You were not hungry.

You visited 5 branches of the dungeon, and saw 29 of its levels.
You also visited: Sewer and Ice Cave.

You collected 3430 gold pieces.
You spent 923 gold pieces at shops.

Inventory:

Hand weapons
 j - a +6 battleaxe of freezing (weapon)
 G - a +2 antimagic battleaxe
 M - the +1 flail of Responsibility {crush, Dex+4}
   (You found it on level 2 of the Lair of Beasts)

   It inflicts extra damage upon your enemies.
   It affects your dexterity (+4).
Armour
 c - a +1 shield (worn)
 g - a +0 pair of boots (worn)
 q - the +1 scale mail of Hospitality {rCorr Str+4}
   (You found it on level 3 of the Lair of Beasts)

   It affects your strength (+4).
   It protects you from acid and corrosion.
 v - a +2 cloak (worn)
 B - a +3 plate armour (worn)
 C - a +1 pair of gloves of strength (worn)
 O - the -5 pair of gloves of Feaqakh {rPois MR+}
   (You bought it in a shop on level 4 of the Orcish Mines)

   It protects you from poison.
   It affects your resistance to hostile enchantments.
 P - a troll hide
 T - a +2 scale mail of cold resistance
Jewellery
 b - a +3 ring of protection
 t - a +4 ring of evasion (right hand)
 w - a ring of protection from cold (left hand)
 x - an amulet of resist corrosion (around neck)
 H - an uncursed ring of fire
Magical devices
 a - a wand of fire (9)
 u - a wand of lightning (3)
 I - a wand of cold (4)
 K - a wand of polymorph (10)
 L - a wand of disintegration (4)
 Q - a wand of heal wounds (1)
Scrolls
 f - 4 scrolls of recharging
 s - 23 scrolls of identify
 A - 3 scrolls of enchant armour
 E - 2 scrolls of enchant weapon
 F - 11 scrolls of remove curse
 J - 4 scrolls of magic mapping
 U - 2 scrolls of silence
Potions
 e - 3 potions of might
 i - 4 potions of restore abilities
 k - 3 potions of brilliance
 n - 14 potions of curing
 p - 5 potions of cure mutation
 z - 3 potions of agility
 S - a potion of resistance
 V - a potion of magic
Books
 h - a book of Enchantments

   Spells                             Type                      Level
   a - Tukima's Dance                 Hexes                        3
   b - Cause Fear                     Hexes                        4
   c - Silence                        Hexes/Air                    5
   d - Deflect Missiles               Charms/Air                   6
   e - Haste                          Charms                       6
   f - Discord                        Hexes                        8
 l - a book of Transfigurations

   Spells                             Type                      Level
   a - Stoneskin                      Transmutation/Earth          2
   b - Irradiate                      Conjuration/Transmutation    5
   c - Statue Form                    Transmutation/Earth          6
   d - Hydra Form                     Transmutation                6
   e - Dragon Form                    Transmutation                7
 y - a book of Debilitation

   Spells                             Type                      Level
   a - Corona                         Hexes                        1
   b - Slow                           Hexes                        2
   c - Inner Flame                    Hexes/Fire                   3
   d - Enslavement                    Hexes                        4
   e - Cause Fear                     Hexes                        4
   f - Leda's Liquefaction            Hexes/Earth                  4
 W - a book of Frost

   Spells                             Type                      Level
   a - Freeze                         Ice                          1
   b - Throw Frost                    Conjuration/Ice              2
   c - Ozocubu's Armour               Charms/Ice                   3
   d - Throw Icicle                   Conjuration/Ice              4
   e - Summon Ice Beast               Ice/Summoning                4
   f - Condensation Shield            Ice                          4
 X - a book of Conjurations

   Spells                             Type                      Level
   a - Magic Dart                     Conjuration                  1
   b - Searing Ray                    Conjuration                  2
   c - Dazzling Spray                 Conjuration/Hexes            3
   d - Fulminant Prism                Conjuration/Hexes            4
   e - Iskenderun's Mystic Blast      Conjuration                  4
   f - Iskenderun's Battlesphere      Conjuration/Charms           5
 Y - Osiusuac's Catalogue of Cankerous Dislocation
   (You found it in an ice cave)

   Spells                             Type                      Level
   a - Apportation                    Translocation                1
   b - Mephitic Cloud                 Conjuration/Poison/Air       3
   c - Portal Projectile              Translocation                3
   d - Teleport Other                 Translocation                3
   e - Olgreb's Toxic Radiance        Poison                       4
 Z - a book of Ice

   Spells                             Type                      Level
   a - Ice Form                       Ice/Transmutation            4
   b - Metabolic Englaciation         Hexes/Ice                    5
   c - Ozocubu's Refrigeration        Ice                          6
   d - Bolt of Cold                   Conjuration/Ice              6
   e - Freezing Cloud                 Conjuration/Ice/Air          6
   f - Simulacrum                     Ice/Necromancy               6
Comestibles
 d - 10 bread rations
 m - a slice of pizza
 o - 30 fruits
 r - 9 beef jerkies
 D - 8 meat rations
 N - 11 royal jellies


   Skills:
 + Level 13.9 Fighting
 + Level 13.0 Axes
 + Level 13.6 Armour
 + Level 11.3 Dodging
 + Level 14.7 Shields
 - Level 9.3 Invocations
 + Level 9.9 Evocations


You had 16 spell levels left.
You didn't know any spells.

Dungeon Overview and Level Annotations

Branches:
Dungeon (15/15)            Temple (1/1) D:5            Lair (8/8) D:8
  Swamp (0/5) Lair:3        Snake (0/5) Lair:3        Slime (0/6) Lair:6
    Orc (4/4) D:12            Elf (0/3) Orc:3        Vaults (0/5) D:13
 Depths (1/5) D:15

Altars:
Ashenzari
Cheibriados
Dithmenos
Elyvilon
Fedhas
Gozag
Kikubaaqudgha
Makhleb
Nemelex Xobeh
Okawaru
Qazlal
Ru
Sif Muna
Trog
Vehumet
Xom
Yredelemnul
Zin
The Shining One
Beogh
Jiyva

Shops:
Orc:2 :   Orc:4 ??*!

Portals:
Hell: Lair:8


Innate Abilities, Weirdness & Mutations

You are under a permanent stasis effect.
You can dig through walls and to a lower floor.
Your four strong arms can wield two-handed weapons with a shield.
You have a pair of large antennae on your head (SInv).


Message History

You miss the octopode crusher.
The octopode crusher is lightly wounded.
The octopode crusher tentacle-slaps you.
The octopode crusher grabs you. The octopode crusher constricts you.
Your plate armour prevents you from hitting the octopode crusher.
The octopode crusher is lightly wounded.
The octopode crusher throws you!
You slash the octopode crusher! You freeze the octopode crusher!
The octopode crusher is moderately wounded.
You block the octopode crusher's attack.
The octopode crusher grabs you. The octopode crusher constricts you!
You hit the octopode crusher but do no damage.
The octopode crusher is moderately wounded.
The octopode crusher throws you!
The octopode crusher casts a spell at you.
The iron shot hits you!
* * * LOW HITPOINT WARNING * * *
The octopode crusher casts a spell at you.
The iron shot hits you!
You die...

.)>()........≈..# ###
#..((}.....≈≈≈..#### ##..##
.......##..≈≈≈.....##.....P.
#.....####.≈≈≈.#.....#.....≈≈
.....## #.....#..(..#≈≈P≈≈≈♣
#....######.##.##.(†.≈P≈≈♣≈PP
#........##..#....(..P≈P≈P.≈P#
..................(..!≈≈.≈....
..........##....@.(x.≈PP.#....
.........###......(....P.....
..........###.....(..........
.........## #.....).(........
.........# #...............
...)....)# ####........###.
....... ....?.....# ..
............# ##...........


You could see an octopode crusher.

Vanquished Creatures
  Agnes (D:15)
  A frost giant (IceCv)
  Gastronok (Lair:3)
  An emperor scorpion (Depths:1)
  A ghost moth (shapeshifter) (D:15)
  3 stone giants (Depths:1)
  2 dire elephants
  Snorg (Lair:5)
  An ogre mage (D:15)
  A yaktaur captain (D:15)
  An ettin (Depths:1)
  7 hydras
  The ghost of haldagan the Nimble, a powerful MfSu of Cheibriados (Orc:4)
  Nessos (D:13)
  The ghost of lorenzova the Eclecticist, a powerful DECj of Vehumet (Lair:6)
  2 catoblepae
  The ghost of hornqvist the Cleaver, a powerful FoFi of Qazlal (D:10)
  The ghost of joosa the Carver, an experienced MiFi of Qazlal (D:15)
  6 centaur warriors
  A tengu warrior (D:14)
  8 death yaks
  2 fire crabs
  4 skeletal warriors (D:11)
  3 wizards
  6 unseen horrors
  An ice statue (IceCv)
  8 orc knights
  A hornet (shapeshifter) (D:15)
  A necromancer (D:13)
  11 hill giants
  A deep elf conjurer (Depths:1)
  10 ugly things
  An orc sorcerer (Orc:3)
  2 griffons
  3 cyclopes
  3 elephants (Lair:5)
  A sixfirhy (Lair:8)
  3 orange demons (Lair:8)
  2 centaur zombies (D:15)
  12 spiny frogs
  6 black mambas
  A smoke demon (Lair:8)
  8 komodo dragons
  A hellwing (Lair:8)
  4 fire drakes
  An efreet (D:15)
  3 yaktaurs (Depths:1)
  6 trolls
  14 polar bears
  2 red devils (Lair:8)
  Sonja (D:15)
  4 blink frogs (Lair:8)
  Grinder (D:5)
  A freezing wraith (D:15)
  5 blue devils (Lair:8)
  10 slime creatures
  3 ravens (D:14)
  6 two-headed ogres
  The ghost of hornqvist the Covert, an average OpAs (D:3)
  7 basilisks
  A shadow (D:14)
  2 vampires
  A deep elf mage (D:12)
  3 water elementals
  10 vampire mosquitoes (D:15)
  Eustachio (Orc:1)
  4 wyverns
  11 hippogriffs
  3 hungry ghosts
  3 mottled dragons
  2 wraiths
  8 wargs
  52 yaks
  28 wolves
  18 water moccasins
  10 porcupines
  4 phantoms
  An eye of draining (D:12)
  An ice beast (shapeshifter) (Depths:1)
  3 black bears
  51 orc warriors
  13 ice beasts
  2 sky beasts
  A wasp (D:13)
  12 ogres
  3 boring beetles
  20 centaurs
  18 crocodiles
  3 big kobolds
  22 giant frogs
  Blork the orc (Orc:1)
  2 brain worms
  A wyvern zombie (D:13)
  4 scorpions
  16 killer bees
  4 electric eels
  5 wights (D:14)
  7 crimson imps
  A goliath beetle (D:7)
  A giant frog zombie (D:12)
  42 orc priests
  4 jellies
  A giant frog skeleton (D:13)
  7 centaur skeletons
  14 hounds
  15 iguanas
  9 worker ants
  45 orc wizards
  57 sheep
  A hound zombie (D:11)
  A hound skeleton (D:7)
  A worker ant zombie (D:7)
  4 gnolls (D:3)
  29 adders
  92 river rats
  4 shadow imps
  3 giant mites
  3 worms (D:2)
  An adder skeleton (D:5)
  2 adder zombies
  5 giant geckos
  335 orcs
  A bat skeleton (D:5)
  A bat zombie (D:5)
  5 giant cockroaches
  24 goblins
  22 hobgoblins
  7 jackals
  47 kobolds
  An ooze (D:2)
  20 quokkas
  6 ball pythons
  19 bats
  A giant gecko zombie (D:8)
  9 giant newts
  A giant spore (D:9)
  A jackal skeleton (D:5)
  A quokka skeleton (D:6)
  A quokka zombie (D:9)
  32 rats
  11 ballistomycetes
  5 fungi
  A plant (Lair:4)
1447 creatures vanquished.

Vanquished Creatures (collateral kills)
  A hobgoblin (D:7)
1 creature vanquished.

Vanquished Creatures (others)
  A polar bear (IceCv)
  A fulminant prism (Lair:6)
  A wolf (IceCv)
  An ogre (D:12)
  4 giant spores
  4 fungi
  5 plants
17 creatures vanquished.

Grand Total: 1465 creatures vanquished

Notes
Turn   | Place    | Note
--------------------------------------------------------------
     0 | D:1      | Kaesh, the Formicid Fighter, began the quest for the Orb.
     0 | D:1      | Reached XP level 1. HP: 18/18 MP: 1/1
    21 | D:1      | Reached XP level 2. HP: 24/24 MP: 3/3
    56 | D:1      | Found a sparkling altar of Nemelex Xobeh.
    62 | D:1      | Reached skill level 4 in Shields
    62 | D:1      | Reached XP level 3. HP: 19/29 MP: 4/4
   676 | D:2      | Reached XP level 4. HP: 37/37 MP: 5/5
  1036 | D:2      | Reached XP level 5. HP: 22/42 MP: 7/7
  1640 | D:3      | Noticed hornqvist's ghost (average OpAs)
  1650 | D:3      | Killed hornqvist's ghost
  1650 | D:3      | Reached skill level 5 in Shields
  1650 | D:3      | Reached XP level 6. HP: 50/50 MP: 8/8
  1712 | D:3      | Reached skill level 5 in Fighting
  1762 | D:3      | Reached XP level 7. HP: 46/56 MP: 9/9
  2127 | D:4      | Reached skill level 1 in Dodging
  2181 | D:4      | Reached skill level 5 in Armour
  2765 | D:5      | Entered Level 5 of the Dungeon
  2970 | D:5      | Found a staircase to the Ecumenical Temple.
  2982 | Temple   | Entered the Ecumenical Temple
  3053 | D:5      | Found a white marble altar of Elyvilon.
  3054 | D:5      | Found a snail-covered altar of Cheibriados.
  3055 | D:5      | Found a deep blue altar of Sif Muna.
  3058 | D:5      | Found a sparkling altar of Nemelex Xobeh.
  3266 | D:5      | Reached XP level 8. HP: 43/63 MP: 11/11
  3435 | D:5      | Found a sacrificial altar of Ru.
  3435 | D:5      | Found a bloodstained altar of Trog.
  3440 | D:5      | Became a worshipper of Cheibriados the Contemplative
  3573 | D:5      | Reached skill level 6 in Shields
  3883 | D:5      | Noticed Grinder
  4147 | D:5      | Acquired Cheibriados' first power
  4162 | D:5      | Noticed a two-headed ogre
  4173 | D:5      | Killed a two-headed ogre
  4173 | D:5      | Reached skill level 5 in Axes
  5040 | D:5      | Killed Grinder
  5040 | D:5      | Reached XP level 9. HP: 57/70 MP: 12/12
  5406 | D:6      | Found a glowing drain.
  5412 | Sewer    | Entered a sewer
  5516 | Sewer    | Gained mutation: You are robust (+10% HP). [potion of mutation]
  5516 | Sewer    | Gained mutation: You are dopey. (Int -2) [potion of mutation]
  5516 | Sewer    | Lost mutation: You are robust (+10% HP). [potion of mutation]
  5571 | Sewer    | Lost mutation: You are dopey. (Int -2) [potion of cure mutation]
  5658 | Sewer    | Reached skill level 7 in Shields
  5767 | Sewer    | Acquired Cheibriados' second power
  6720 | D:7      | Acquired Cheibriados' third power
  7425 | D:7      | Found a radiant altar of Vehumet.
  7426 | D:7      | Found a burning altar of Makhleb.
  7774 | D:8      | Acquired Cheibriados' fourth power
  7777 | D:8      | Reached XP level 10. HP: 79/79 MP: 14/14
  7878 | D:8      | Noticed a fire drake
  7879 | D:8      | Found a staircase to the Lair.
  7891 | D:8      | Killed a fire drake
  7891 | D:8      | Reached skill level 8 in Shields
  7891 | D:8      | Reached skill level 1 in Invocations
  8822 | Lair:1   | Entered Level 1 of the Lair of Beasts
  8875 | Lair:1   | Noticed a spiny frog
  8883 | Lair:1   | Killed a spiny frog
  9436 | Lair:1   | Noticed a spiny frog
  9452 | Lair:1   | Killed a spiny frog
  9452 | Lair:1   | Reached skill level 5 in Dodging
 10217 | Lair:2   | Reached skill level 9 in Shields
 10223 | Lair:2   | Reached XP level 11. HP: 55/87 MP: 18/20
 10575 | Lair:2   | Got a fine flail
 10576 | Lair:2   | Identified the +1 flail of Responsibility {crush, Dex+4} (You found it on level 2 of the Lair of Beasts)
 11445 | Lair:3   | Reached skill level 5 in Invocations
 11543 | Lair:3   | Found a staircase to the Snake Pit.
 11557 | Lair:3   | Got a crude scale mail
 11568 | Lair:3   | Identified the +1 scale mail of Hospitality {rCorr Str+4} (You found it on level 3 of the Lair of Beasts)
 11696 | Lair:3   | Noticed Gastronok
 11721 | Lair:3   | Killed Gastronok
 12022 | Lair:3   | Reached skill level 10 in Shields
 12078 | Lair:3   | Found a staircase to the Swamp.
 12847 | Lair:4   | Reached XP level 12. HP: 96/96 MP: 24/24
 13508 | Lair:5   | Noticed Snorg
 13915 | Lair:5   | Killed Snorg
 14284 | Lair:5   | Noticed a six-headed hydra
 14299 | Lair:5   | Killed a six-headed hydra
 14299 | Lair:5   | Reached skill level 10 in Fighting
 15055 | Lair:5   | Reached skill level 10 in Armour
 15061 | Lair:5   | Reached skill level 11 in Shields
 15190 | Lair:5   | Got a blackened trident
 15191 | Lair:5   | Identified the +6 trident of Dividends {speed, rN++} (You found it on level 5 of the Lair of Beasts)
 15359 | Lair:6   | Found a glowing silver altar of Zin.
 15418 | Lair:6   | Noticed lorenzova's ghost (powerful DECj)
 15422 | Lair:6   | Reached XP level 13. HP: 79/103 MP: 26/26
 15439 | Lair:6   | Killed lorenzova's ghost
 15691 | Lair:6   | Found a staircase to the Slime Pits.
 15692 | Lair:6   | Found a viscous altar of Jiyva.
 15813 | Lair:6   | Noticed a fire crab
 15829 | Lair:6   | Killed a fire crab
 16606 | Lair:7   | Found a frozen archway.
 16667 | IceCv    | Entered an ice cave
 16749 | IceCv    | Reached skill level 10 in Axes
 17681 | IceCv    | Noticed a frost giant
 17710 | IceCv    | Killed a frost giant
 17735 | IceCv    | Reached XP level 14. HP: 54/113 MP: 29/29
 17743 | IceCv    | Reached skill level 12 in Shields
 17911 | IceCv    | Identified Osiusuac's Catalogue of Cankerous Dislocation
 18352 | Lair:7   | Reached skill level 1 in Evocations
 19049 | Lair:8   | Entered Level 8 of the Lair of Beasts
 20949 | Lair:8   | Found a burning altar of Makhleb.
 20994 | Lair:8   | Reached XP level 15. HP: 109/120 MP: 29/29
 20994 | Lair:8   | Reached skill level 5 in Evocations
 21025 | Lair:8   | Found a gateway to Hell.
 21872 | D:9      | Found a stormy altar of Qazlal.
 22052 | D:9      | Found an opulent altar of Gozag.
 22187 | D:9      | Found a blossoming altar of Fedhas.
 22293 | D:10     | Entered Level 10 of the Dungeon
 22429 | D:10     | Noticed hornqvist's ghost (powerful FoFi)
 22436 | D:10     | Killed hornqvist's ghost
 22851 | D:10     | Found a roughly hewn altar of Beogh.
 23498 | D:11     | Reached skill level 13 in Shields
 24376 | D:12     | Reached skill level 10 in Dodging
 25222 | D:12     | Found a staircase to the Orcish Mines.
 25237 | Orc:1    | Entered Level 1 of the Orcish Mines
 25237 | Orc:1    | Noticed Blork the orc
 25241 | Orc:1    | Killed Blork the orc
 26331 | Orc:2    | Found Bruarepe's Book Boutique.
 26481 | Orc:1    | Noticed Eustachio
 26486 | Orc:1    | Killed Eustachio
 27220 | Orc:3    | Found a staircase to the Elven Halls.
 27503 | Orc:4    | Entered Level 4 of the Orcish Mines
 27767 | Orc:4    | Found Ethriodis' Magic Scroll Shoppe.
 27810 | Orc:4    | Found Zagrasio's Magic Scroll Shop.
 27821 | Orc:4    | Noticed haldagan's ghost (powerful MfSu)
 27856 | Orc:4    | Killed haldagan's ghost
 27891 | Orc:4    | Bought a scroll of acquirement for 676 gold pieces
 28180 | Orc:4    | Reached XP level 16. HP: 129/129 MP: 30/30
 28218 | Orc:4    | Found Luxt's Assorted Antiques.
 28241 | Orc:4    | Bought a pair of pitted gloves for 247 gold pieces
 28251 | Orc:4    | Identified the cursed -5 pair of gloves of Feaqakh {rPois MR+} (You bought it in a shop on level 4 of the Orcish Mines)
 28281 | Orc:4    | Found Throlioco's Distillery.
 28553 | Orc:4    | Found a roughly hewn altar of Beogh.
 29796 | D:13     | Found a gate to the Vaults.
 29878 | D:13     | Noticed Nessos
 30056 | D:13     | Killed Nessos
 30879 | D:13     | Reached skill level 14 in Shields
 31210 | D:14     | Found a shimmering altar of Xom.
 31528 | D:14     | Found a burning altar of Makhleb.
 31731 | D:14     | Found a shattered altar of Ashenzari.
 31905 | D:15     | Entered Level 15 of the Dungeon
 31974 | D:15     | Noticed Sonja
 32198 | D:15     | Noticed joosa's ghost (experienced MiFi)
 32203 | D:15     | Killed joosa's ghost
 32276 | D:15     | Killed Sonja
 32473 | D:15     | Reached XP level 17. HP: 124/137 MP: 31/31
 33079 | D:15     | Found a staircase to the Depths.
 33408 | Depths:1 | Entered Level 1 of the Depths
 33430 | Depths:1 | Noticed Agnes
 33442 | D:15     | Killed Agnes
 34040 | Depths:1 | Killed from afar by an octopode crusher

Action                   |  1- 3 |  4- 6 |  7- 9 | 10-12 | 13-15 | 16-18 || total
-------------------------+-------+-------+-------+-------+-------+-------++-------
Melee: War axe           |    87 |   190 |   473 |   671 |   387 |       ||  1808
       Flail             |       |       |       |     8 |    63 |       ||    71
       Battleaxe         |       |       |       |       |   996 |   599 ||  1595
Invok: Temporal Distorti |       |       |       |       |     1 |     9 ||    10
       Bend Time         |       |       |       |       |     1 |     1 ||     2
 Abil: Dig               |       |       |       |       |     2 |     6 ||     8
Evoke: Wand              |       |       |       |     1 |     8 |     6 ||    15
  Use: Scroll            |       |       |     7 |     5 |     7 |     3 ||    22
       Potion            |       |       |    17 |     3 |     8 |     2 ||    30
 Stab: Distracted        |       |       |       |     1 |     2 |       ||     3
  Eat: Chunk             |       |     3 |    15 |    15 |    22 |    15 ||    70
       Royal jelly       |       |       |     1 |       |       |       ||     1
       Fruit             |       |       |       |     2 |     5 |     2 ||     9
       Bread ration      |       |       |       |       |     1 |       ||     1
       Pizza             |       |       |       |       |       |     2 ||     2
